 Dungeon Crawl Stone Soup version 0.28.0-45-g0d030f2227 (webtiles) character file.

Game seed: 6605239226652838110

1369 issech the Cudgeller (level 8, 0/79 HPs)
             Began as a Troll Monk on Apr 24, 2022.
             Slain by a lemure (3 damage)
             ... led by Pikel
             ... on level 5 of the Dungeon.
             The game lasted 00:17:04 (3936 turns).

issech the Cudgeller (Troll Monk)                   Turns: 3936, Time: 00:17:04

Health: 0/79       AC:  4    Str: 20    XL:     8   Next: 38%
Magic:  7/7        EV: 11    Int:  6    God:
Gold:   223        SH:  0    Dex: 14    Spells: 7/7 levels left

rFire   . . .      SeeInvis .   k - +2 mace (vorpal)
rCold   . . .      Faith    .   (no shield)
rNeg    . . .      Spirit   .   b - +0 robe
rPois   .          Reflect  .   (helmet restricted)
rElec   .          Harm     .   (no cloak)
rCorr   .          Rampage  .   (gloves unavailable)
Will    .....                   (boots unavailable)
Stlth   ++........              (no amulet)
HPRegen 1.03/turn               (no ring)
MPRegen 0.10/turn               (no ring)

@: lethally poisoned (0 -> -1)
A: large, unfitting armour, claws 3, regeneration 1, shaggy fur 1, tough skin 1
a: no special abilities


You were on level 5 of the Dungeon.
You visited 1 branch of the dungeon, and saw 5 of its levels.

You collected 223 gold pieces.

Inventory:

Hand Weapons
 a - a +0 mace
 k - a +2 vorpal mace (weapon)
 m - a +0 vampiric dagger
Missiles
 c - 247 stones
 d - 41 arrows
 f - 83 bolts
 o - 4 boomerangs (quivered)
 p - 5 javelins
 s - 2 curare-tipped darts
 t - 4 poisoned darts
Armour
 b - a +0 robe (worn)
Wands
 q - a wand of polymorph (2)
Scrolls
 g - 3 scrolls of vulnerability {unknown}
 h - a scroll of enchant weapon {unknown}
 i - 5 scrolls of identify {unknown}
 j - 2 scrolls of teleportation {unknown}
 l - a scroll of fear {unknown}
Potions
 e - a potion of resistance {unknown}
 n - a potion of degeneration {unknown}
 r - a potion of attraction {unknown}


   Skills:
 + Level 4.5 Fighting
 + Level 6.6 Maces & Flails
 + Level 2.4 Throwing
 + Level 4.8 Dodging
 + Level 1.7 Stealth


You had 7 spell levels left.
You didn't know any spells.
Your spell library contained the following spells:

 Spells                   Type           Power      Damage    Failure   Level
 Static Discharge         Conj/Air       0%         N/A       58%         2
 Gell's Gravitas          Tloc           0%         N/A       83%         3
 Lesser Beckoning         Tloc           0%         N/A       83%         3
 Teleport Other           Tloc           0%         N/A       83%         3
 Dispel Undead            Necr           0%         3d6       99%         4
 Sticky Flame             Conj/Fire      0%         2d3       99%         4


Dungeon Overview and Level Annotations

Branches:
Dungeon (5/15)             Temple (0/1) D:5

Altars:
Ru
Sif Muna
Vehumet
Yredelemnul

Shops:
D:2 [

Annotations:
D:5 Pikel


Innate Abilities, Weirdness & Mutations

You are too large for most types of armour.
You have claws for hands.
Your natural rate of healing is unusually fast.
You are covered in fur. (AC +1)
You have tough skin. (AC +1)


Message History

The adder barely misses you. The lemure hits you but does no damage.
The orc priest hits you with a +0 club.
You sock the orc priest!
You kill the orc priest!
The adder closely misses you. The lemure barely misses you.
The adder closely misses you.
You hit Pikel.
Pikel is lightly wounded.
The lemure misses you. The adder bites you but does no damage.
Pikel hits you with a +1 whip of flaming.
Pikel burns you.
You closely miss Pikel.
Pikel is lightly wounded.
The adder closely misses you. The lemure barely misses you.
Pikel hits you with a +1 whip of flaming!
* * * LOW HITPOINT WARNING * * *
Pikel burns you.
* * * LOW HITPOINT WARNING * * *
The adder bites you.
* * * LOW HITPOINT WARNING * * *
You sock Pikel!
Pikel is moderately wounded.
The lemure hits you but does no damage.
Pikel hits you with a +1 whip of flaming.
* * * LOW HITPOINT WARNING * * *
Pikel burns you.
* * * LOW HITPOINT WARNING * * *
The adder closely misses you. The lemure closely misses you.
You sock Pikel!
Pikel is heavily wounded.
The adder bites you.
* * * LOW HITPOINT WARNING * * *
You are poisoned.
The adder poisons you!
Pikel hits you with a +1 whip of flaming.
* * * LOW HITPOINT WARNING * * *
Pikel burns you.
* * * LOW HITPOINT WARNING * * *
The lemure hits you.
You die...

##....##### #.####
#.# . ##.# . #..#
##### #..# ##...#
###.##
##....#####S..##
##.......c5@K5..#
##......########.#
#.......# #.#
#.......# ..#
#.......# #..# o.⌠
#.......# #... .>.
#.......# #....o5⌠
#.......# #..8.8.
#.>.....# ##.....


You could see Pikel, 2 lemures, a centaur and an adder.

Vanquished Creatures
  Grinder (D:3)
  Sigmund (D:1)
  Menkaure (D:4)
  A necrophage (D:4)
  2 lemures (D:5)
  A water moccasin zombie (D:4)
  3 scorpions
  A bullfrog zombie (D:4)
  A centaur zombie (D:4)
  A hound (D:4)
  An orc priest (D:5)
  A bullfrog skeleton (D:5)
  Terence (D:2)
  An iguana (D:4)
  2 scorpion zombies (D:4)
  Ijyb (D:4)
  Natasha (D:4)
  An orc wizard (D:3)
  A hound skeleton (D:4)
  8 gnolls
  4 adders
  An adder zombie (D:4)
  2 worms
  2 dart slugs
  3 orcs
  8 ball pythons
  9 endoplasms
  3 giant cockroaches
  13 goblins
  12 hobgoblins
  7 jackals (D:1)
  5 quokkas
  4 bats
  2 frilled lizards (D:1)
  6 kobolds
  3 rats
115 creatures vanquished.

Vanquished Creatures (others)
  13 plants (D:5)
  A withered plant (D:3)
14 creatures vanquished.

Grand Total: 129 creatures vanquished

Notes
Turn   | Place    | Note
-------+----------+-------------------------------------------
     0 | D:1      | issech the Troll Monk began the quest for the Orb.
     0 | D:1      | Reached XP level 1. HP: 22/22 MP: 0/0
     6 | D:1      | Noticed a swamp drake
     6 | D:1      | Noticed a swamp worm
     6 | D:1      | Noticed a hog
     7 | D:1      | Noticed a black bear
     7 | D:1      | Noticed a snapping turtle
   107 | D:1      | Reached XP level 2. HP: 25/29 MP: 1/1
   119 | D:1      | Reached skill level 3 in Maces & Flails
   296 | D:1      | Reached XP level 3. HP: 26/36 MP: 2/2
   702 | D:2      | Found Sowucluq's Armour Shop.
   739 | D:2      | Reached XP level 4. HP: 33/44 MP: 3/3
   970 | D:2      | Noticed Sigmund
  1034 | D:2      | Noticed Terence
  1139 | D:1      | Killed Sigmund
  1140 | D:1      | Reached skill level 4 in Maces & Flails
  1140 | D:1      | Reached XP level 5. HP: 16/53 MP: 4/4
  1207 | D:2      | Killed Terence
  1367 | D:2      | Reached XP level 6. HP: 60/61 MP: 5/5
  1744 | D:3      | Found a faded altar of an unknown god.
  1878 | D:3      | Found a radiant altar of Vehumet.
  1880 | D:3      | Noticed Grinder
  1886 | D:3      | Found a shimmering blue altar of Sif Muna.
  1942 | D:3      | Paralysed by Grinder for 3 turns
  1983 | D:3      | Paralysed by Grinder for 2 turns
  1992 | D:3      | Paralysed by Grinder for 7 turns
  2028 | D:3      | Killed Grinder
  2029 | D:3      | Reached skill level 5 in Maces & Flails
  2029 | D:3      | Reached skill level 1 in Throwing
  2029 | D:3      | Reached XP level 7. HP: 47/68 MP: 6/6
  2385 | D:3      | Found a sacrificial altar of Ru.
  2698 | D:4      | Noticed Ijyb
  2706 | D:4      | Killed Ijyb
  2776 | D:4      | Noticed Natasha
  2787 | D:4      | Killed Natasha
  2926 | D:4      | Found a basalt altar of Yredelemnul.
  3074 | D:4      | Reached skill level 6 in Maces & Flails
  3074 | D:4      | Reached XP level 8. HP: 42/77 MP: 7/7
  3375 | D:4      | Noticed Menkaure
  3384 | D:4      | Killed Menkaure
  3632 | D:5      | Entered Level 5 of the Dungeon
  3632 | D:5      | Found a staircase to the Ecumenical Temple.
  3928 | D:5      | Noticed Pikel
  3936 | D:5      | HP: 3/79 [Pikel/+1 whip of flaming (2)]
  3936 | D:5      | Slain by a lemure

Illustrated notes

Levels and vault maps discovered:
D:1:      onia_arrival_zoo_common, layout_rooms, minmay_heptomino_d4
D:2:      layout_loops_ring, serial_shops, nicolae_shop_waterfront,
          nicolae_grassy_gnolls, uniq_terence, uniq_sigmund
D:3:      layout_loops_cross, mainiacjoe_overflow_catwalk_spiral,
          nicolae_ru_great_annihilating_truth,
          ebering_ecumenical_altar_petrified, uniq_grinder
D:4:      layout_rooms, nicolae_yredelemnul_corpse_copse, uniq_ijyb,
          uniq_menkaure, uniq_natasha
D:5:      layout_cave_pods, minmay_temple_entry_statues_fountains,
          minmay_misc_feat_alley, serial_bayou_pond_c, uniq_pikel

Skill      XL: |  1  2  3  4  5  6  7 |
---------------+----------------------+-----
Maces & Flails | 3 4 5 6 |  6.6
Fighting       | 3 4 |  4.5
Dodging        | 3 4 |  4.8
Throwing       | 1 2 |  2.4
Stealth        | |  1.7

Action                   |  1- 3 |  4- 6 |  7- 9 || total
-------------------------+-------+-------+-------++-------
Melee: Mace              |   139 |   109 |   186 ||   434
       Punch             |     1 |       |     3 ||     4
Throw: Stone             |     8 |    79 |       ||    87
 Stab: Sleeping          |     1 |       |     1 ||     2
Armor: Robe              |    46 |    20 |    51 ||   117
Dodge: Dodged            |    69 |    68 |   134 ||   271
